 Dungeon Crawl Stone Soup version 0.32-a0-540-g866d13106e (webtiles) character file.

Game seed: 6750968654867571266

67 grandjackal the Slasher (level 3, -1/29 HPs)
             Began as a Demonspawn Gladiator on Feb 29, 2024.
             Was an Initiate of Trog.
             Killed from afar by an orc wizard (10 damage)
             ... with a puff of flame
             ... on level 3 of the Dungeon.
             The game lasted 00:02:30 (2098 turns).

grandjackal the Slasher (Demonspawn Gladiator)      Turns: 2098, Time: 00:02:30

Health: -1/29      AC: 10    Str: 14    XL:     3   Next: 98%
Magic:  3/3        EV: 10    Int:  8    God:    Trog [......]
Gold:   136        SH:  0    Dex: 16    Spells: 2/2 levels left

rFire   . . .        a - +0 long sword
rCold   . . .        (no shield)
rNeg    . . .        u - +0 scale mail
rPois   +            c - +0 helmet
rElec   .            (no cloak)
rCorr   .            (no gloves)
SInv    .            b - +0 pair of boots
Will    .....        n - amulet of magic regeneration Stlth
                     q - ring of poison resistance
HPRegen 0.24/turn    (no ring)
MPRegen 0.48/turn

%: no passive effects
@: no status effects
A: molten scales 1
a: Renounce Religion


You were on level 3 of the Dungeon.
You worshipped Trog.
Trog was noncommittal.
You visited 1 branch of the dungeon, and saw 3 of its levels.

You collected 136 gold pieces.

Inventory:

Hand Weapons
 a - a +0 long sword (weapon)
Missiles
 d - 3 throwing nets (quivered)
 e - a javelin
 f - 4 boomerangs
Armour
 b - a +0 pair of boots (worn)
 c - a +0 helmet (worn)
 u - a +0 scale mail (worn)
Jewellery
 n - an amulet of magic regeneration (around neck)
 q - a ring of poison resistance (left hand)
Scrolls
 h - a scroll of immolation {unknown}
 i - a scroll of enchant weapon {unknown}
 j - a scroll of torment {unknown}
 k - 2 scrolls of identify {unknown}
 p - a scroll of butterflies {unknown}
 r - a scroll of fog {unknown}
 v - a scroll of amnesia {unknown}
 w - a scroll of teleportation {unknown}
Potions
 g - 2 potions of mutation {unknown}
 l - a potion of magic {unknown}
 m - 5 potions of curing {unknown}
 o - a potion of invisibility {unknown}
 s - a potion of enlightenment {unknown}
 t - a potion of heal wounds {unknown}


   Skills:
 + Level 3.1 Fighting
 + Level 3.4 Long Blades
 - Level 2.0 Throwing
 - Level 3.0 Dodging


You had 2 spell levels left.
You didn't know any spells.
Your spell library contained the following spells:

 Spells                   Type           Power      Damage    Failure   Level
 Mercury Vapours          Alch/Air       0%         N/A       96%         2
 Mephitic Cloud           Conj/Alch/Air  0%         N/A       99%         3
 Freezing Cloud           Conj/Ice/Air   0%         6-21      100%        5


Dungeon Overview and Level Annotations

Branches:
Dungeon (3/15)

Altars:
Dithmenos
Gozag
Qazlal
Trog
Xom

Shops:
D:3 (

Annotations:
D:3 exclusion: door


Innate Abilities, Weirdness & Mutations

You are partially covered in molten scales. (AC +2)


Message History

Something hits you.
You hit the orc.
The orc is lightly wounded.
The orc hits you but does no damage.
You hit the orc but do no damage.
The orc is lightly wounded.
The orc closely misses you.
You hit the orc but do no damage.
The orc is lightly wounded.
The orc hits you but does no damage.
You hit the orc but do no damage.
The orc is lightly wounded.
The orc hits you but does no damage.
You closely miss something. Something hits you.
You closely miss something. Something hits you.
You miss something. Something hits you but does no damage.
You miss something.
You feel less confused.
Something hits you but does no damage. x2
You miss something. Something hits you.
You closely miss something. Something hits you but does no damage.
You closely miss something.
You hear some strange, mumbled words.
Something tries to affect you, but you resist.
You closely miss something. Something hits you but does no damage.
You miss something.
You hear some strange, mumbled words.
A puff of flame appears from out of thin air!
The puff of flame hits you.
* * * LOW HITPOINT WARNING * * *
Something hits you but does no damage.
You barely miss something. Something hits you but does no damage.
You hit something but do no damage. Something hits you but does no damage.
You closely miss something. Something hits you but does no damage.
You closely miss something. Something completely misses you.
You barely miss something. Something hits you but does no damage.
You hear some strange, mumbled words.
A puff of flame appears from out of thin air!
The puff of flame hits you!
You die...

### ## #..
##.# #.# .#
##...##.# .#
######
#.....#.####.#
#.....
.?.....)...#.#
#.####
#<....#o##.#.#
#.# #....
#{##.#.#
#[#### ....
#@##.#.#
#.##.. # #.#
#......#
#.##.# .# #
####.###
#.##.# ####.#
#####.###
#..... .....#
#.......#
##.#.# ...#
##+##
#.###.#.#
#.#.#
...###...##
#.# #.#.#
#.#.#
...##.....##
#.###.#.#
#.#.#
...#.......##
#.#.#.#.##
#.#..


You could see an orc.

Vanquished Creatures
  An adder (D:2)
  A ribbon worm (D:2)
  2 orcs (D:3)
  6 endoplasms
  2 giant cockroaches (D:1)
  3 goblins (D:3)
  8 hobgoblins
  9 kobolds
  5 ball pythons
  4 bats
  6 frilled lizards
  3 rats
  A spectral hobgoblin (D:1)
51 creatures vanquished.

Notes
Turn   | Place    | Note
-------+----------+-------------------------------------------
     0 | D:1      | grandjackal the Demonspawn Gladiator began the quest for
                  | the Orb.
     0 | D:1      | Reached XP level 1. HP: 16/16 MP: 1/1
   166 | D:1      | Gained mutation: You are partially covered in molten
                  | scales. (AC +2) [demonic ancestry]
   166 | D:1      | Reached XP level 2. HP: 22/22 MP: 2/2
   396 | D:1      | Found a faded altar of an unknown god.
   785 | D:2      | Reached XP level 3. HP: 28/28 MP: 3/3
  1305 | D:3      | Found a bloodstained altar of Trog.
  1305 | D:3      | Found an opulent altar of Gozag.
  1320 | D:3      | Found a shimmering altar of Xom.
  1325 | D:3      | Found a stormy altar of Qazlal.
  1331 | D:3      | Found a shadowy altar of Dithmenos.
  1349 | D:3      | Became a worshipper of Trog the Wrathful
  1617 | D:3      | Found Odghoitimn's Antique Weapon Shop.
  2098 | D:3      | Killed from afar by an orc wizard

Illustrated notes

Levels and vault maps discovered:
D:1:      amcnicky_arrival_choice, layout_rooms,
          dreamdust_ecumenical_altar_drowned_temple
D:2:      layout_loops_ring
D:3:      cheibrodos_fertilizer, layout_loops_corners,
          nicolae_overflow_hallway_of_the_gods, serial_shops, shop

Skill      XL: |  1  2  3 |
---------------+----------+-----
Throwing       | 2 |  2.0
Long Blades    | 3 |  3.4
Dodging        | 3 |  3.0
Fighting       | 3 |  3.1

Action                     || total
---------------------------++-------
  Melee: Long sword        ||   154
   Stab: Sleeping          ||     2
 Armour: Leather armour    ||    57
         Scale mail        ||    48
  Dodge: Dodged            ||    82

Table legend: (Time is in decaauts)
 A = Elapsed time spent in this place.
 B = Non-inter-level travel time spent in this place.
 C = Inter-level travel time spent in this place.
 D = Time resting spent in this place.
 E = Time spent auto-exploring this place.
 F = Levels seen in this place.
 G = Mean time per level.
                   A        B        C        D        E       F      G
               +--------+--------+--------+--------+--------+-----+--------+
         Total |   2141 |   2077 |     64 |      0 |   1555 |   3 |  713.7 |
       Dungeon |   2141 |   2077 |     64 |      0 |   1555 |   3 |  713.7 |
               +--------+--------+--------+--------+--------+-----+--------+

Top non-repeatable levels by time:
     D:3: 915 daAuts
     D:2: 738 daAuts
     D:1: 487 daAuts
